SCURSCUM, neutral female scurrid Tourist D c H a i n H l @.. < s . q SCURSCUM the Sightseer Experience level: 5 Strength: 11 Dexterity: 13 Constitution: 14 Intelligence: 13 Wisdom: 8 Charisma: 17 Health: 0(28) Energy: 20(20) Def: 11 Gold: 528 Moves: 758 Dungeon seed: J0xw83NWTsdW7NSC Game ID: SCURSCUM_1498707846 Your Inventory: Coins $ - 528 gold pieces Weapons a - 43 uncursed +2 darts (in quiver) Armor e - an uncursed +0 Hawaiian shirt (being worn) q - an uncursed +0 dwarvish mithril-coat (being worn) r - a cursed rusty +0 dwarvish iron helm (being worn) y - a blessed +2 dwarvish roundshield (being worn) z - an uncursed +0 pair of iron shoes (being worn) Comestibles b - an uncursed pancake c - 3 uncursed eggs d - 2 uncursed food rations f - 3 uncursed tripe rations g - an uncursed fortune cookie h - an uncursed tin of sewer rat meat Scrolls j - 2 uncursed scrolls of magic mapping s - an uncursed scroll of scare monster x - a cursed scroll of remove curse Potions X - an uncursed potion of paralysis Tools k - an uncursed expensive camera (0:52) l - an uncursed credit card n - an uncursed oil lamp (lit) (0:900) K - an uncursed mirror Spells and supernatural/magical abilities: Name Level Category Fail Memory W - pray for help -- divine ? -- Your skills at the end: Miscellaneous Skills wands [Basic] Weapon Skills dart [Basic] Spellcasting Skills Final Attributes: You were devoutly aligned. You were blinded. You were telepathic. You had infravision. You were stealthy. You are dead. Vanquished creatures: Medusa a gnome lord a floating eye 4 dwarves 2 hobbits 8 gnomes 2 jackals a kobold a goblin a sewer rat 3 grid bugs 25 creatures vanquished. Voluntary challenges: You did not adorn yourself with jewelry or accessories. You did not cause conflict. You were not invisible. You did not have reflection. You were not displaced. You were an atheist. You never hit with a wielded weapon. You did not use containers. You did not apply a unicorn horn. You did not use sinks. You did not drink any magical draughts. You read items or engraved 2 times, starting on turn 374. You never genocided any monsters. You never polymorphed an object. You never changed form. You used no wishes. You never split a pudding. You never wrote Elbereth's name. You never violated your personal moral code. Dungeon overview: The Dungeons of Doom: levels 1 to 26 Level 1 a long staircase Level 2 Level 3 stairs to The Gnomish Mines Level 4 Level 5 Level 6 Level 7 Level 8 a fountain Level 9 Level 10 Level 11 Level 12 Level 13 Level 14 Level 15 Level 16 Level 17 Level 18 Level 19 Level 20 Level 21 Level 22 a fountain Level 23 a fountain Level 24 many trees Level 25 Level 26 <- You were here The Gnomish Mines: levels 4 to 6 Level 4 stairs to The Dungeons of Doom Level 5 Level 6 a hardware shop, some fountains History has recorded: On T:1 you entered the Dungeons of Doom to retrieve the Amulet of Yendor! On T:96 you reached level 2 of The Dungeons of Doom. On T:301 you reached level 3 of The Dungeons of Doom. On T:307 you reached level 1 of The Gnomish Mines. On T:311 you advanced to experience level 2. On T:313 you advanced to experience level 3. On T:365 you reached level 2 of The Gnomish Mines. On T:438 you advanced to experience level 4. On T:499 you reached level 3 of The Gnomish Mines. On T:619 you reached level 4 of The Dungeons of Doom. On T:621 you reached level 5 of The Dungeons of Doom. On T:623 you reached level 6 of The Dungeons of Doom. On T:625 you reached level 7 of The Dungeons of Doom. On T:628 you reached level 8 of The Dungeons of Doom. On T:630 you reached level 9 of The Dungeons of Doom. On T:632 you reached level 10 of The Dungeons of Doom. On T:634 you reached level 11 of The Dungeons of Doom. On T:637 you reached level 12 of The Dungeons of Doom. On T:639 you reached level 13 of The Dungeons of Doom. On T:642 you reached level 14 of The Dungeons of Doom. On T:644 you reached level 15 of The Dungeons of Doom. On T:644 you entered the Rogue tribute level. On T:646 you reached level 16 of The Dungeons of Doom. On T:649 you reached level 17 of The Dungeons of Doom. On T:651 you reached level 18 of The Dungeons of Doom. On T:653 you reached level 19 of The Dungeons of Doom. On T:655 you reached level 20 of The Dungeons of Doom. On T:658 you reached level 21 of The Dungeons of Doom. On T:660 you reached level 22 of The Dungeons of Doom. On T:663 you reached level 23 of The Dungeons of Doom. On T:665 you reached level 24 of The Dungeons of Doom. On T:668 you reached level 25 of The Dungeons of Doom. On T:732 you killed Medusa on level 24 of The Dungeons of Doom. On T:732 you advanced to experience level 5. On T:751 you reached level 26 of The Dungeons of Doom. Score breakdown: Gold: 335 ( 33 points) Experience: 5 levels ( 400 points) Exploration: 26 levels ( 750 points) Discoveries: 8 items ( 400 points) Variety of kills: 11 monsters ( 550 points) Major goal: (nothing yet) ( 0 points) Survival: died (score multiplied by 3) Total score: 6399 Latest messages: Never mind. You start chewing a hole in the rock. You continue digging. You make an opening in the wall. You start chewing a hole in the rock. You continue digging. You make an opening in the wall. You start chewing a hole in the rock. You continue digging. You make an opening in the wall. You start chewing a hole in the rock. You continue digging. You make an opening in the wall. You hit it. You hear a nearby zap. The bolt of lightning whizzes by you! You miss it. You hit it. You hear a nearby zap. The bolt of lightning hits you! Your wand of secret door detection breaks apart and explodes! You die... Final status: Aloha SCURSCUM the Tourist, killed by an exploding wand... You died in The Dungeons of Doom on dungeon level 26 with 6399 points, and 528 pieces of gold, after 758 moves. You were level 5 with a maximum of 28 hit points when you died.